 Dungeon Crawl Stone Soup version 0.30-a0-1160-g6e42c06551 (webtiles) character file.

Game seed: 11568468937796589167

37 Dittersdorf the Covered (level 3, -4/24 HPs)
             Began as a Gargoyle Fighter on Apr 26, 2023.
             Slain by a worm (7 damage)
             ... on level 2 of the Dungeon.
             The game lasted 00:01:09 (830 turns).

Dittersdorf the Covered (Gargoyle Fighter)           Turns: 830, Time: 00:01:10

Health: -4/24      AC: 11    Str: 27    XL:     3   Next: 41%
Magic:  3/3        EV:  9    Int:  8    God:
Gold:   138        SH:  4    Dex:  9    Spells: 2/2 levels left

rFire   . . .        a - +0 flail
rCold   . . .        c - +0 buckler
rNeg    + . .        b - +0 scale mail
rPois   ∞            j - +0 helmet
rElec   +            (no cloak)
rCorr   .            (no gloves)
SInv    .            (no boots)
Will    .....        (no amulet) Stlth
                     h - +6 ring of strength
HPRegen 0.24/turn    (no ring)
MPRegen 0.08/turn

%: no passive effects
@: no status effects
A: sickness immunity, AC +3, negative energy resistance 1, electricity
resistance, torment resistance 1, petrification resistance
a: no special abilities


You were on level 2 of the Dungeon.
You visited 1 branch of the dungeon, and saw 2 of its levels.

You collected 138 gold pieces.

Inventory:

Hand Weapons
 a - a +0 flail (weapon)
Armour
 b - a +0 scale mail (worn)
 c - a +0 buckler (worn)
 j - a +0 helmet (worn)
Jewellery
 h - a +6 ring of strength (left hand)
Scrolls
 e - a scroll of vulnerability {unknown}
 f - a scroll of magic mapping {unknown}
 m - a scroll of identify {unknown}
Potions
 d - 2 potions of might
 g - a potion of resistance {unknown}
 i - 2 potions of heal wounds {unknown}
 k - 2 potions of cancellation {unknown}
 l - a potion of degeneration {unknown}


   Skills:
 + Level 3.7 Fighting
 + Level 2.4 Maces & Flails
 + Level 3.7 Armour
 + Level 3.7 Shields


You had 2 spell levels left.
You didn't know any spells.
Your spell library contained the following spells:

 Spells                   Type           Power      Damage    Failure   Level
 Apportation              Tloc           0%         N/A       75%         1
 Necrotise                Necr           0%         1d4       75%         1
 Summon Small Mammal      Summ           0%         N/A       75%         1
 Momentum Strike          Conj/Tloc      0%         3d8       86%         2
 Freezing Cloud           Conj/Ice/Air   0%         6-21      100%        5
 Plasma Beam              Fire/Air       0%         2x1d11    100%        6


Dungeon Overview and Level Annotations

Branches:
Dungeon (2/15)

Altars:

Shops:
D:2 [


Innate Abilities, Weirdness & Mutations

You are immune to sickness and miasma.
Your stone body is resilient. (AC +3)
You are immune to poison.
You resist negative energy. (rN+)
You are resistant to electric shocks. (rElec)
You are resistant to unholy torment.
You are immune to petrification.


Message History

The worm barely misses you. The dart slug closely misses you.
You thump the worm!
The worm is severely wounded.
The worm bites you! You block the dart slug's attack.
You block the kobold's attack.
You are too injured to fight recklessly!
You are too injured to fight recklessly!
You are too injured to fight recklessly!
You are too injured to fight recklessly!
You are too injured to fight recklessly!
You are too injured to fight recklessly!
You are too injured to fight recklessly!
You are too injured to fight recklessly!
You are too injured to fight recklessly!
You are too injured to fight recklessly!
You are too injured to fight recklessly!
You are too injured to fight recklessly!
You are too injured to fight recklessly!
You are too injured to fight recklessly!
You are too injured to fight recklessly!
You are too injured to fight recklessly!
You are too injured to fight recklessly!
You are too injured to fight recklessly!
The kobold attacks as you move away! The kobold hits you with a +0 club.
The worm barely misses you.
You barely miss the kobold. The kobold hits you but does no damage.
You completely miss the kobold. You block the kobold's attack.
You thump the kobold!
You kill the kobold!
The dart slug launches a dart at you.
The slug dart hits you but does no damage.
The worm bites you!
* * * LOW HITPOINT WARNING * * *
The dart slug launches a dart at you.
The slug dart hits you but does no damage.
You see here a +0 club.
You thump the dart slug!
You kill the dart slug!
The worm bites you!
You die...

### ## .. .... .. ##
......##.#. .#.#
..... ... ...## #.#
...####..
#.#####w..$....
###.....@†.......
##.....###########
########..###........
.........## ########.
.######### ........
########


You could see a worm.

Vanquished Creatures
  A worm (D:2)
  A dart slug (D:2)
  3 bats (D:1)
  4 endoplasms
  2 giant cockroaches (D:1)
  A hobgoblin (D:1)
  5 jackals (D:1)
  4 ball pythons
  4 frilled lizards
  2 goblins
  4 kobolds
  A rat (D:1)
32 creatures vanquished.

Notes
Turn   | Place    | Note
-------+----------+-------------------------------------------
     0 | D:1      | Dittersdorf the Gargoyle Fighter began the quest for the
                  | Orb.
     0 | D:1      | Reached XP level 1. HP: 14/14 MP: 1/1
   221 | D:1      | Reached XP level 2. HP: 19/19 MP: 2/2
   429 | D:1      | Found a faded altar of an unknown god.
   441 | D:1      | Reached XP level 3. HP: 23/23 MP: 3/3
   723 | D:2      | Found Iseutaiw's Antique Armour Boutique.
   774 | D:2      | Got the Folio of Galvanic Blasts
   830 | D:2      | Slain by a worm

Illustrated notes

Levels and vault maps discovered:
D:1:      co_arrival_square_in_a_square_in_a_square, layout_rooms,
          basic_ecumenical_altar
D:2:      layout_rooms, basic_altar, serial_shops, nicolae_shop_peninsula, shop,
          shop, nicolae_shop_waterfront, nicolae_shop_rolling_square,
          minmay_misc_feat_roman

Action                     || total
---------------------------++-------
  Melee: Flail             ||   124
 Armour: Scale mail        ||    71
  Dodge: Dodged            ||    85
  Block: Buckler           ||    36

Table legend: (Time is in decaauts)
 A = Elapsed time spent in this place.
 B = Non-inter-level travel time spent in this place.
 C = Inter-level travel time spent in this place.
 D = Time resting spent in this place.
 E = Time spent auto-exploring this place.
 F = Levels seen in this place.
 G = Mean time per level.
                   A        B        C        D        E       F      G
               +--------+--------+--------+--------+--------+-----+--------+
         Total |    869 |    860 |      9 |      0 |    604 |   2 |  434.5 |
       Dungeon |    869 |    860 |      9 |      0 |    604 |   2 |  434.5 |
               +--------+--------+--------+--------+--------+-----+--------+

Top non-repeatable levels by time:
     D:1: 634 daAuts
     D:2: 234 daAuts
